 Dungeon Crawl Stone Soup version 0.22-a0-538-g76cc104 (webtiles) character file.

14 kae the Insei (level 2, 0/21 HPs)
             Began as a Demonspawn Transmuter on June 23, 2018.
             Slain by a hobgoblin
             ... wielding a +0 club
              (3 damage)
             ... on level 1 of the Dungeon.
             The game lasted 00:00:24 (387 turns).

kae the Insei (Demonspawn Transmuter)                Turns: 387, Time: 00:00:24

Health: 0/21       AC:  2    Str: 10    XL:     2   Next: 27%
Magic:  1/5        EV:  9    Int: 14    God:
Gold:   0          SH:  0    Dex: 13    Spells: 2/5 levels left

rFire    . . .     SeeInvis .     - Unarmed
rCold    . . .     Gourm    .   (no shield)
rNeg     . . .     Faith    .   b - +0 robe
rPois    .         Spirit   .   (no helmet)
rElec    .         Reflect  .   (no cloak)
rCorr    .         Harm     .   (no gloves)
MR       .....                  (no boots)
Stlth    +.........             (no amulet)
HPRegen  0.07/turn              (no ring)
MPRegen  0.09/turn              (no ring)

@: appendage (expiring), constricted
A: hooves 1, horns 2
a: End Transformation


You were on level 1 of the Dungeon.
You were not hungry.
You had grown temporary horns.
You visited 1 branch of the dungeon, and saw 1 of its levels.

Inventory:

Missiles
 a - 10 arrows
Armour
 b - a +0 robe (worn)
Scrolls
 e - a scroll of amnesia {unknown}
Potions
 c - a potion of flight {unknown}
Comestibles
 d - a ration


   Skills:
 - Level 1.0 Fighting
 - Level 1.7 Dodging
 * Level 3.0 Unarmed Combat
 + Level 2.1 Spellcasting
 * Level 2.2 Transmutations


You had 2 spell levels left.
You knew the following spells:

 Your Spells              Type           Power        Failure   Level  Hunger
a - Beastly Appendage     Tmut           #.....       10%         1    #......
b - Sticks to Snakes      Tmut           #.......     14%         2    ###....

Your spell library contained the following spells:

 Spells                   Type           Power        Failure   Level  Hunger
 Spider Form              Tmut/Pois      #.........   41%         3    ###....
 Blade Hands              Tmut           #.........   95%         5    ######.
 Ice Form                 Ice/Tmut       #.......     83%         4    #####..


Dungeon Overview and Level Annotations

Branches:
Dungeon (1/15)

Altars:


Innate Abilities, Weirdness & Mutations

You have large cloven feet.
You have a pair of horns on your head.


Message History

The ball python constricts you. The hobgoblin hits you with a club.
You are too injured to fight recklessly!
You are too injured to fight recklessly!
You are too injured to fight recklessly!
You are too injured to fight recklessly!
You are too injured to fight recklessly!
Casting: Sticks to Snakes (safe; 14% risk of failure)
Confirm with . or Enter, or press ? or * to list all spells.
You create a snake!
You now have 10 arrows.
The ball python barely misses you. The ball python constricts you.
The hobgoblin hits you with a club.
* * * LOW HITPOINT WARNING * * *
The ball python barely misses you. The ball python constricts you.
The hobgoblin barely misses you. The ball python bites you.
* * * LOW HITPOINT WARNING * * *
x2 The ball python constricts you.
Your ball python misses the ball python.
Your ball python grabs the ball python.
Your ball python constricts the ball python.
The hobgoblin hits you with a club.
You die...

############
#..........#
#......###.# #......#
#.# ####......###.#
#...........#.# .
#.............# ...
#.........SS###.....
#.....)...@gb.......
##..........g###.....
#.....#.#'#### ...
#.#^.##.#........ . #
#...#.#######.#
#.#......)..#
#.......###.#
#####.### #.#
######.#####.#


You could see 2 hobgoblins, a bat, a ball python and a friendly ball python.

Vanquished Creatures
  A leopard gecko (D:1)
  A giant cockroach (D:1)
  2 goblins (D:1)
  2 hobgoblins (D:1)
  4 jackals (D:1)
10 creatures vanquished.

Notes
Turn   | Place    | Note
-------+----------+-------------------------------------------
     0 | D:1      | kae the Demonspawn Transmuter began the quest for the Orb.
     0 | D:1      | Reached XP level 1. HP: 15/15 MP: 3/3
    61 | D:1      | Noticed a black mamba
    61 | D:1      | Noticed a hog
    95 | D:1      | Gained mutation: You have large cloven feet. [demonic ancestry]
    95 | D:1      | Reached XP level 2. HP: 10/21 MP: 5/5
   245 | D:1      | Learned a level 2 spell: Sticks to Snakes
   350 | D:1      | Reached skill level 3 in Unarmed Combat
   387 | D:1      | Slain by a hobgoblin

Vault maps used:
D:1:      onia_arrival_zoo_common

Skill      XL: |  1  2 |
---------------+-------+-----
Transmutations | 2 |  2.2
Unarmed Combat | 3 |  3.0
Fighting       | |  1.0
Dodging        | |  1.7
Spellcasting   | |  2.1

Action                   || total
-------------------------++-------
Melee: Unarmed           ||    41
       Headbutt          ||     3
       Kick              ||     4
 Cast: Beastly Appendage ||     5
       Sticks to Snakes  ||     2
Armor: Robe              ||    10
Dodge: Dodged            ||    24

Table legend:
 A = Spawn XP
 B = Non-spawn XP
 C = Spawn XP percentage of total XP
 D = Spawn monster count
 E = Non-spawn monster count
 F = Spawn count percentage of total count
 G = Total turns spent on level
                    A         B        C        D         E        F      G
               +---------+---------+-------+---------+---------+-------+---------
         Total |       0 |      20 |   0.0 |       0 |      10 |   0.0 |   387
               +---------+---------+-------+---------+---------+-------+---------
           D:1 |       0 |      20 |   0.0 |       0 |      10 |   0.0 |   387
               +---------+---------+-------+---------+---------+-------+---------
